 Dungeon Crawl Stone Soup version 0.30.1-9-gdf580d7c3d (webtiles) character file.

Game seed: 17451358302991632751

707 monsoonserge the Chopper (level 7, -4/61 HPs)
             Began as a Hill Orc Fighter on Oct 9, 2023.
             Was an Initiate of Nemelex Xobeh.
             Slain by a sky beast (6 damage)
             ... in the Ecumenical Temple.
             The game lasted 00:12:59 (4415 turns).

monsoonserge the Chopper (Hill Orc Fighter)         Turns: 4415, Time: 00:13:01

Health: -4/61      AC:  5    Str: 21    XL:     7   Next: 67%
Magic:  7/7        EV: 11    Int:  8    God:    Nemelex Xobeh [......]
Gold:   218        SH:  4    Dex: 10    Spells: 6/6 levels left

rFire   + + .        a - +0 war axe
rCold   + + .        c - +0 buckler
rNeg    . . .        o - +2 robe {rC+ rF+}
rPois   .            (no helmet)
rElec   .            w - scarf {rC+ rF+}
rCorr   .            m - +0 pair of gloves
SInv    .            (no boots)
Will    .....        (no amulet)
Stlth   +            (no ring)
HPRegen 0.30/turn    (no ring)
MPRegen 0.10/turn

%: no passive effects
@: hasted, very quick
A: no striking features
a: Renounce Religion, Draw Escape, Draw Destruction, Draw Summoning


You were in the Ecumenical Temple.
You worshipped Nemelex Xobeh.
Nemelex Xobeh was noncommittal.
You visited 2 branches of the dungeon, and saw 7 of its levels.

You collected 218 gold pieces.

Inventory:

Hand Weapons
 a - a +0 war axe (weapon)
 A - a +1 sling of flaming
Missiles
 h - 2 boomerangs (quivered)
 x - 2 atropa-tipped darts
Armour
 b - a +0 scale mail
 c - a +0 buckler (worn)
 m - a +0 pair of gloves (worn)
 o - a +2 robe of resistance (worn)
 w - a scarf of resistance (worn)
Wands
 v - a wand of flame (35)
 y - a wand of polymorph (12)
Scrolls
 e - 2 scrolls of enchant weapon {unknown}
 g - a scroll of teleportation
 j - 2 scrolls of vulnerability {unknown}
 k - 3 scrolls of brand weapon
 l - 2 scrolls of fog
 q - 2 scrolls of enchant armour
 r - a scroll of magic mapping {unknown}
 s - 2 scrolls of immolation {unknown}
 t - a scroll of blinking {unknown}
Potions
 d - 2 potions of might
 f - 5 potions of curing
 i - 4 potions of haste
 n - a potion of berserk rage
 p - 3 potions of invisibility {unknown}
 u - 2 potions of lignification {unknown}
 z - a potion of attraction {unknown}


   Skills:
 + Level 5.2 Fighting
 + Level 7.6 Axes
 + Level 0.5 Throwing
 + Level 5.6 Armour
 + Level 1.2 Dodging
 - Level 4.0 Shields


You had 6 spell levels left.
You didn't know any spells.
Your spell library contained the following spells:

 Spells                   Type           Power      Damage    Failure   Level
 Apportation              Tloc           0%         N/A       47%         1
 Magic Dart               Conj           0%         1d3       47%         1
 Blink                    Tloc           0%         N/A       63%         2
 Lesser Beckoning         Tloc           0%         N/A       63%         2
 Momentum Strike          Conj/Tloc      0%         3d8       63%         2
 Searing Ray              Conj           0%         2d4       63%         2
 Dazzling Flash           Conj/Hex       0%         N/A       85%         3
 Fulminant Prism          Conj/Hex       0%         3d5       99%         4
 Agony                    Necr           0%         N/A       100%        5
 Alistair's Intoxication  Tmut/Pois      0%         N/A       100%        5
 Silence                  Hex/Air        0%         N/A       100%        5
 Simulacrum               Ice/Necr       0%         N/A       100%        6
 Ozocubu's Refrigeration  Ice            0%         4d7       100%        7
 Polar Vortex             Ice            0%         N/A       100%        9


Dungeon Overview and Level Annotations

Branches:
Dungeon (6/15)             Temple (1/1) D:6

Altars:
Dithmenos
Elyvilon
Gozag
Makhleb
Nemelex Xobeh
Sif Muna
Trog
Uskayaw
Vehumet
Wu Jian
Xom
Yredelemnul
Zin
The Shining One

Shops:
D:5 *

Annotations:
D:5 fly


Message History

You completely miss something. You block something's attack.
You miss something. Something hits you. Something shocks you.
You miss something. Something hits you.
* * * LOW HITPOINT WARNING * * *
Something shocks you.
* * * LOW HITPOINT WARNING * * *
Something hits you.
* * * LOW HITPOINT WARNING * * *
Something shocks you.
* * * LOW HITPOINT WARNING * * *
You closely miss something. Something hits you but does no damage.
It was a potion of haste.
You feel yourself speed up.
A sky beast appears from thin air!
Reactivating autopickup.
The sky beast closely misses you.
You feel better.
You hit the sky beast but do no damage.
The sky beast is lightly wounded.
The sky beast hits you.
* * * LOW HITPOINT WARNING * * *
The sky beast shocks you.
* * * LOW HITPOINT WARNING * * *
You closely miss the sky beast.
The sky beast is lightly wounded.
The sky beast hits you but does no damage.
You miss the sky beast.
The sky beast is lightly wounded.
The sky beast hits you but does no damage.
You slash the sky beast!
The sky beast is heavily wounded.
The sky beast barely misses you.
You miss the sky beast.
The sky beast is heavily wounded.
You hit the sky beast but do no damage.
The sky beast is heavily wounded.
The sky beast hits you.
* * * LOW HITPOINT WARNING * * *
The sky beast shocks you.
You die...
Your body disappears without a glow.

#########
##.._._..##
##.........##
##_..≈≈.≈≈.._##
#....≈≈.≈≈....#
#_.≈≈≈...≈≈≈._#
#..≈≈.)...≈≈..#
#......@......#
#..≈≈.Y)..≈≈..#
#_.≈≈≈...≈≈≈._#
#....≈≈.≈≈....#
##_..≈≈.≈≈.._##
##.........##
##.._._..##
#########


You could see a sky beast.

Vanquished Creatures
  A phantom (D:4)
  A bullfrog (Temple)
  2 scorpions
  2 hounds (D:4)
  2 jellies
  A sleepcap (D:4)
  Jessica (D:2)
  Ijyb (D:4)
  Natasha (D:4)
  4 gnolls
  7 adders
  A white imp (D:6)
  An ufetubus (D:4)
  3 worms (D:2)
  3 dart slugs
  13 orcs
  10 endoplasms
  8 giant cockroaches
  5 goblins
  5 hobgoblins
  5 kobolds
  6 quokkas
  5 ball pythons
  6 bats
  6 frilled lizards
  6 rats
106 creatures vanquished.

Notes
Turn   | Place    | Note
-------+----------+-------------------------------------------
     0 | D:1      | monsoonserge the Hill Orc Fighter began the quest for the
                  | Orb.
     0 | D:1      | Reached XP level 1. HP: 19/19 MP: 1/1
   112 | D:1      | Reached XP level 2. HP: 27/27 MP: 2/2
   225 | D:1      | You fall into a shaft and drop 1 floor!
   265 | D:2      | Noticed Jessica
   272 | D:2      | Reached skill level 3 in Axes
   276 | D:2      | Reached XP level 3. HP: 15/33 MP: 3/3
   306 | D:2      | Killed Jessica
   312 | D:2      | Reached XP level 4. HP: 21/40 MP: 4/4
   545 | D:2      | Reached skill level 4 in Axes
  1673 | D:3      | Reached XP level 5. HP: 46/47 MP: 5/5
  1845 | D:3      | Reached skill level 5 in Axes
  2531 | D:4      | Noticed Ijyb
  2539 | D:4      | Reached skill level 1 in Dodging
  2541 | D:4      | Killed Ijyb
  2542 | D:4      | Reached XP level 6. HP: 16/53 MP: 6/6
  2787 | D:4      | Reached skill level 6 in Axes
  2888 | D:4      | Found a white marble altar of Elyvilon.
  2896 | D:4      | Became a worshipper of Elyvilon the Healer
  3218 | D:4      | Reached skill level 5 in Armour
  3218 | D:4      | Reached XP level 7. HP: 39/60 MP: 7/7
  3414 | D:4      | Found a shimmering altar of Xom.
  3502 | D:4      | Noticed Natasha
  3507 | D:4      | Killed Natasha
  3508 | D:4      | Reached skill level 7 in Axes
  3516 | D:5      | Entered Level 5 of the Dungeon
  3516 | D:5      | Found Kotigh's General Store.
  3878 | D:5      | Reached * piety under Elyvilon
  3934 | D:5      | Reached skill level 5 in Fighting
  4135 | D:6      | Found a staircase to the Ecumenical Temple.
  4174 | Temple   | Entered the Ecumenical Temple
  4191 | Temple   | Fell from the grace of Elyvilon
  4191 | Temple   | Became a worshipper of Nemelex Xobeh the Trickster
  4415 | Temple   | HP: 2/61 [sky beast (3)]
  4415 | Temple   | Slain by a sky beast

Illustrated notes

Levels and vault maps discovered:
D:1:      dpeg_arrival_shrine, layout_basic, minmay_cut_off
D:2:      cheibrodos_helix_gallery, layout_rooms, uniq_jessica
D:3:      layout_basic, minmay_crystal_water
D:4:      layout_loops_corners, kennysheep_mini_moat, marbit_many_paths,
          uniq_ijyb, uniq_natasha
D:5:      kennysheep_windowed_halls, layout_basic, serial_shops, shop,
          corexii_item_surrounded_by_moat
D:6:      layout_cave_pools, minmay_temple_entry_statues_fountains, minivault_10
Temple:   nicolae_temple_no_exploring_needed

Skill      XL: |  1  2  3  4  5  6  7 |
---------------+----------------------+-----
Axes           | 3 4 5 6 7 |  7.6
Fighting       | 4 5 |  5.2
Armour         | 4 5 |  5.6
Dodging        | 1 |  1.2
Shields        | 4 |  4.0
Throwing       | |  0.5

Action                     |  1- 3 |  4- 6 |  7- 9 || total
---------------------------+-------+-------+-------++-------
  Melee: War axe           |    57 |   212 |    67 ||   336
  Throw: Boomerang         |     3 |       |    11 ||    14
    Use: Scroll            |       |     6 |       ||     6
         Potion            |       |       |     2 ||     2
 Armour: Scale mail        |    30 |   106 |    11 ||   147
         Robe              |       |       |    15 ||    15
  Dodge: Dodged            |    30 |    90 |    35 ||   155
  Block: Buckler           |    11 |    39 |    15 ||    65
